 Dungeon Crawl Stone Soup version 0.31-a0-1074-g0b22e4e0f1 (webtiles) character file.

Game seed: 440480247331393832

42 grandjackal the Vexing (level 3, -1/24 HPs)
             Began as a Vampire Enchanter on Dec 2, 2023.
             Slain by an adder (2 damage)
             ... on level 2 of the Dungeon.
             The game lasted 00:01:53 (924 turns).

grandjackal the Vexing (Vampire Enchanter)           Turns: 924, Time: 00:01:53

Health: -1/24      AC:  2    Str:  7    XL:     3   Next: 35%
Magic:  0/6        EV: 12    Int: 19    God:
Gold:   118        SH:  0    Dex: 14    Spells: 4/6 levels left

rFire   x . .        a - +1 dagger
rCold   + . .        (no shield)
rNeg    . . .        b - +0 robe
rPois   .            (no helmet)
rElec   .            (no cloak)
rCorr   .            (no gloves)
SInv    +            (no boots)
Will    .....        (no amulet)
Stlth   +++          i - ring of ice
HPRegen 0.44/turn    (no ring)
MPRegen 0.10/turn

%: no passive effects
@: lethally poisoned (-1 -> -8), healing quickly
A: alive, fangs 3, see invisible, vampiric 2
a: Exsanguinate


You were on level 2 of the Dungeon.
You visited 1 branch of the dungeon, and saw 2 of its levels.

You collected 118 gold pieces.

Inventory:

Hand Weapons
 a - a +1 dagger (weapon)
Armour
 b - a +0 robe (worn)
Jewellery
 i - a ring of ice (left hand)
Scrolls
 d - a scroll of enchant weapon {unknown}
 g - a scroll of fog {unknown}
Potions
 c - 2 potions of invisibility
 e - a potion of degeneration {unknown}
 f - 3 potions of enlightenment {unknown}
 h - a potion of mutation {unknown}


   Skills:
 + Level 2.2 Short Blades
 - Level 2.2 Dodging
 - Level 5.0 Stealth
 - Level 2.0 Spellcasting
 + Level 5.1 Hexes
 + Level 0.8 Ice Magic


You had 4 spell levels left.
You knew the following spells:

 Your Spells              Type           Power      Damage    Failure   Level
a - Ensorcelled Hibernat  Hex/Ice        38%        N/A       8%          2

Your spell library contained the following spells:

 Spells                   Type           Power      Damage    Failure   Level
 Confusing Touch          Hex            21%        N/A       6%          3
 Tukima's Dance           Hex            21%        N/A       6%          3
 Dazzling Flash           Conj/Hex       22%        N/A       17%         3


Dungeon Overview and Level Annotations

Branches:
Dungeon (2/15)

Altars:

Shops:
D:1 [?(


Innate Abilities, Weirdness & Mutations

Your natural rate of healing is accelerated.
You have razor-sharp teeth.
You have supernaturally acute eyesight. (SInv)
You are afflicted with vampirism and can become a bat while bloodless.


Message History

The adder resists with significant effort.
You feel sick. The adder closely misses you.
Unknown command.
Casting: Ensorcelled Hibernation (safe; 8% risk of failure)
Confirm with . or Enter, or press ? or * to list all spells.
Aiming: Ensorcelled Hibernation (safe; 8% risk of failure)
Press: ? - help, Shift-Dir - straight line, f/p - adder
Aim: an adder (chance to affect: 61%)
You feel a surge of power!
The adder resists with significant effort.
You feel sick. The adder barely misses you.
Unknown command.
Casting: Ensorcelled Hibernation (safe; 8% risk of failure)
Confirm with . or Enter, or press ? or * to list all spells.
Aiming: Ensorcelled Hibernation (safe; 8% risk of failure)
Press: ? - help, Shift-Dir - straight line, f/p - adder
Aim: an adder (chance to affect: 61%)
You feel a surge of power!
The adder resists with significant effort.
You feel sick. The adder bites you.
You are more poisoned.
The adder poisons you! The adder barely misses you.
You aren't carrying any items that you can evoke.
You hit the adder. You punch the adder.
The adder is heavily wounded.
You feel sick. The adder bites you.
* * * LOW HITPOINT WARNING * * *
You are lethally poisoned!
The adder poisons you!
You hit the adder.
The adder is severely wounded.
* * * LOW HITPOINT WARNING * * *
You feel very sick. The adder bites you but does no damage.
You hit the adder.
The adder is almost dead.
* * * LOW HITPOINT WARNING * * *
You feel very sick. The adder bites you.
You die...

........#.....#
#######.....###
########......#..#
#..........##.##.##
#..........##.....##
#..........##......##
#........!.##.##....#
#..........##.####..##
#.....@....##.# ##..##
#......S...#..# ##<.#
#..........#.## ##..
#########.#..# ####..
.#.## #..... .# .
)....###. #### #. #.
#.


You could see an adder.

Vanquished Creatures
  An adder (D:2)
  A dart slug (D:1)
  3 ball pythons (D:1)
  3 bats
  3 endoplasms (D:2)
  A giant cockroach (D:1)
  3 goblins
  3 hobgoblins (D:1)
  4 kobolds
  3 quokkas (D:1)
  3 frilled lizards (D:1)
  A rat (D:1)
29 creatures vanquished.

Notes
Turn   | Place    | Note
-------+----------+-------------------------------------------
     0 | D:1      | grandjackal the Vampire Enchanter began the quest for the
                  | Orb.
     0 | D:1      | Reached XP level 1. HP: 13/13 MP: 3/3
   127 | D:1      | Found Rudecet's Magic Scroll Shoppe.
   133 | D:1      | Reached XP level 2. HP: 16/19 MP: 5/5
   197 | D:1      | Learned a level 2 spell: Ensorcelled Hibernation
   332 | D:1      | Found Saekoenk's Antique Weapon Shop.
   413 | D:1      | Found Kifemim's Armour Emporium.
   533 | D:1      | Reached skill level 5 in Stealth
   707 | D:1      | Reached skill level 5 in Hexes
   850 | D:2      | Gained mutation: You are afflicted with vampirism and can
                  | become a bat while bloodless. [Vampire growth]
   850 | D:2      | Reached XP level 3. HP: 24/24 MP: 6/6
   924 | D:2      | HP: 1/24 [poisoned by an adder]
   924 | D:2      | Slain by an adder

Illustrated notes

Levels and vault maps discovered:
D:1:      zaba_arrival_water, layout_loops_cross, serial_shops, shop,
          shop_coins, shop
D:2:      layout_rooms, basic_altar, ebering_ecumenical_altar_rust, minivault_26

Skill      XL: |  1  2 |
---------------+-------+-----
Stealth        | 5 |  5.0
Short Blades   | 2 |  2.2
Hexes          | 5 |  5.1
Dodging        | |  2.2
Spellcasting   | |  2.0
Ice Magic      | |  0.8

Action                     || total
---------------------------++-------
  Melee: Dagger            ||    80
         Bite              ||     5
         Punch             ||     1
   Cast: Ensorcelled Hiber ||     7
   Stab: Sleeping          ||    12
         Distracted        ||     1
 Armour: Robe              ||    39
  Dodge: Dodged            ||    46

Table legend: (Time is in decaauts)
 A = Elapsed time spent in this place.
 B = Non-inter-level travel time spent in this place.
 C = Inter-level travel time spent in this place.
 D = Time resting spent in this place.
 E = Time spent auto-exploring this place.
 F = Levels seen in this place.
 G = Mean time per level.
                   A        B        C        D        E       F      G
               +--------+--------+--------+--------+--------+-----+--------+
         Total |    922 |    894 |     28 |     46 |    607 |   2 |  461.0 |
       Dungeon |    922 |    894 |     28 |     46 |    607 |   2 |  461.0 |
               +--------+--------+--------+--------+--------+-----+--------+

Top non-repeatable levels by time:
     D:1: 818 daAuts
     D:2: 104 daAuts
